 Dungeon Crawl Stone Soup version 0.31-a0-202-g547052bce9 (webtiles) character file.

Game seed: 4620778337811704585

453 qw the Skirmisher (level 6, 0/35 HPs)
             Began as a Deep Elf Hunter on June 26, 2023.
             Slain by a hound (2 damage)
             ... on level 5 of the Dungeon.
             The game lasted 00:01:18 (3251 turns).

qw the Skirmisher (Deep Elf Hunter)                 Turns: 3251, Time: 00:01:19

Health: 0/35       AC:  6    Str: 10    XL:     6   Next: 75%
Magic:  8/8        EV: 11    Int: 14    God:
Gold:   229        SH:  0    Dex: 18    Spells: 5/5 levels left

rFire   . . .        Y - +0 shortbow
rCold   . . .        (shield currently unavailable)
rNeg    . . .        c - +1 ring mail {rPois}
rPois   +            (no helmet)
rElec   .            (no cloak)
rCorr   .            (no gloves)
SInv    .            (no boots)
Will    .....        (no amulet)
Stlth   +            (no ring)
HPRegen 0.25/turn    (no ring)
MPRegen 0.11/turn

%: no passive effects
@: no status effects
A: no striking features
a: no special abilities


You were on level 5 of the Dungeon.
You visited 1 branch of the dungeon, and saw 5 of its levels.

You collected 229 gold pieces.


   Skills:
 - Level 2.0 Fighting
 + Level 10.1 Ranged Weapons
 - Level 3.5 Dodging
 - Level 1.2 Stealth


You had 5 spell levels left.
You didn't know any spells.
Your spell library was empty.

Inventory:

Hand Weapons
 Y - a +0 shortbow (weapon)
Armour
 c - a +1 ring mail of poison resistance (worn)
Scrolls
 f - a scroll of identify
Potions
 b - a potion of curing {unknown}
 d - a potion of resistance {unknown}
 e - a potion of berserk rage {unknown}
 g - a potion of brilliance {unknown}
 h - a potion of lignification {unknown}

Dungeon Overview and Level Annotations

Branches:
Dungeon (5/15)
 Temple: D:4-7

Altars:
Gozag

Shops:
D:1 :


Message History

Enter note: You shoot an arrow.
The arrow closely misses the hound.
You shoot an arrow. The arrow closely misses the hound.
The arrow hits the iguana.
The iguana is lightly wounded.
You shoot an arrow. The arrow closely misses the hound.
The hound bites you.
You shoot an arrow. The arrow hits the hound.
The hound is moderately wounded.
The hound closely misses you.
You shoot an arrow. The arrow hits the hound.
The hound is heavily wounded.
The hound barely misses you. The hound bites you but does no damage.
You shoot an arrow. The arrow barely misses the hound.
The hound bites you. The hound barely misses you.
You shoot an arrow. The arrow closely misses the hound.
The hound bites you but does no damage. The iguana closely misses you.
You shoot an arrow. The arrow hits the hound.
The hound is heavily wounded.
The hound closely misses you. The iguana closely misses you.
The hound closely misses you.
You shoot an arrow. The arrow hits the hound.
The hound is severely wounded.
The hound stops to sniff the ground.
The hound bites you but does no damage. The iguana misses you.
You shoot an arrow. The arrow closely misses the hound.
The hound bites you but does no damage. The iguana bites you!
The hound barely misses you.
You shoot an arrow.
The arrow hits the hound but does no damage.
The hound is severely wounded.
The hound barely misses you. The iguana barely misses you. The hound bites you.
The iguana bites you!
You shoot an arrow. The arrow misses the hound.
The hound bites you but does no damage. The iguana bites you!
You shoot an arrow.
The arrow hits the hound but does no damage.
The hound is severely wounded.
The hound bites you but does no damage. The hound bites you.
You die...

##))#
#########.#######
##..#.# #.#
......# #.#
...#..#
##?#######
...#....#
#.........
....#.#.#
#..#######
....#.# # #....#
.#..# # #....#
##..# #.@..# #..#
#lh### ..# #..#
...) .....
....... ......>.
).....####


You could see an iguana and a hound.

Vanquished Creatures
  A centaur (D:5)
  A phantom (D:5)
  A hound (D:4)
  A sleepcap (D:4)
  Natasha (twice) (D:2)
  An iguana (D:3)
  An orc wizard (D:5)
  4 adders
  A worm (D:3)
  4 dart slugs
  3 orcs
  9 endoplasms
  5 giant cockroaches
  7 goblins
  11 hobgoblins
  10 jackals
  5 quokkas
  6 ball pythons
  A bat (D:2)
  4 frilled lizards
  8 kobolds
  9 rats
95 creatures vanquished.

Notes
Turn   | Place    | Note
-------+----------+-------------------------------------------
     0 | D:1      | qw the Deep Elf Hunter began the quest for the Orb.
     0 | D:1      | Reached XP level 1. HP: 12/12 MP: 3/3
     0 | D:1      | 0 ||| qw: Version: 0.3-a-22-g0ed2b0b
     0 | D:1      | 0 ||| qw: Game counter: 5988
     0 | D:1      | 0 ||| qw: Melee chars always use a shield: true
     0 | D:1      | 0 ||| qw: God list: Okawaru
     0 | D:1      | 0 ||| qw: Allow faded altars: false
     0 | D:1      | 0 ||| qw: Do Orc after clearing Dungeon:15 true
     0 | D:1      | 0 ||| qw: Do second Lair branch before Depths: true
     0 | D:1      | 0 ||| qw: Lair rune preference: random
     0 | D:1      | 0 ||| qw: Goals: Normal
     0 | D:1      | 0 ||| PLANNING D:1-11
   267 | D:1      | Found Vuhin's Book Shop.
   274 | D:1      | Reached skill level 6 in Ranged Weapons
   274 | D:1      | Reached XP level 2. HP: 14/16 MP: 4/4
   432 | D:1      | Reached XP level 3. HP: 20/20 MP: 5/5
   855 | D:1      | 855 ||| UPGRADING to +0 ring mail.
   865 | D:1      | 865 ||| DROPPING +0 leather armour.
   866 | D:1      | 866 ||| READING scroll labelled TECAGU POUD.
   867 | D:1      | 867 ||| READING scroll labelled HAFEQU TITIUF.
   868 | D:1      | 868 ||| DROPPING scroll of butterflies.
  1068 | D:2      | Reached skill level 7 in Ranged Weapons
  1428 | D:2      | Reached XP level 4. HP: 25/25 MP: 6/6
  1532 | D:2      | Noticed Natasha
  1536 | D:2      | Killed Natasha
  1637 | D:2      | Noticed Natasha
  1647 | D:2      | Killed Natasha
  1648 | D:2      | Reached skill level 8 in Ranged Weapons
  1786 | D:2      | You fall into a shaft and drop 1 floor!
  1790 | D:3      | 1790 ||| Stepping ~*~*~tactically~*~*~ (outnumbered).
  1792 | D:3      | 1792 ||| Stepping ~*~*~tactically~*~*~ (outnumbered).
  1895 | D:3      | Reached XP level 5. HP: 29/29 MP: 7/7
  1965 | D:3      | 1965 ||| UPGRADING to +1 ring mail of poison resistance.
  1975 | D:3      | 1975 ||| DROPPING +0 ring mail.
  1976 | D:3      | 1976 ||| READING scroll labelled RAWOQU OBLO.
  1977 | D:3      | 1977 ||| READING 2 scrolls of identify.
  1977 | D:3      | 1977 ||| IDENTIFYING ruby potion
  2397 | D:3      | Found an opulent altar of Gozag.
  2575 | D:3      | 2575 ||| READING scroll labelled TUUN NUMAEKIEB.
  2688 | D:4      | Noticed a black bear
  2688 | D:4      | Noticed a centaur
  2716 | D:4      | Reached skill level 9 in Ranged Weapons
  2915 | D:4      | Reached XP level 6. HP: 32/35 MP: 8/8
  3034 | D:5      | Entered Level 5 of the Dungeon
  3045 | D:5      | 3045 ||| Stepping ~*~*~tactically~*~*~ (outnumbered).
  3065 | D:5      | HP: 4/35 [orc wizard/puff of flame (7)]
  3066 | D:5      | 3066 ||| DRINKING potion of heal wounds.
  3068 | D:5      | Reached skill level 10 in Ranged Weapons
  3081 | D:5      | HP: 8/35 [phantom (2)]
  3084 | D:5      | Reached skill level 3 in Dodging
  3250 | D:5      | HP: 2/35 [iguana (9)]
  3251 | D:5      | Slain by a hound

Levels and vault maps discovered:
D:1:      evilmike_arrival_rings, layout_basic, serial_shops, shop
D:2:      layout_basic, uniq_natasha
D:3:      layout_loops_cross, mainiacjoe_overflow_concentric_impassable
D:4:      layout_cave_pools, dk_noncrumbling_3, grunt_decor_one_mirror,
          serial_park_tiny_2, lightli_corner_chamber
D:5:      layout_basic, nicolae_underground_beach, uniq_menkaure

Skill      XL: |  1  2  3  4  5  6 |
---------------+-------------------+-----
Ranged Weapons | 6 7 8 9 10 | 10.1
Fighting       | 2 |  2.0
Dodging        | 3 |  3.5
Stealth        | |  1.2

Action                     |  1- 3 |  4- 6 || total
---------------------------+-------+-------++-------
   Fire: Shortbow          |   131 |   193 ||   324
    Use: Scroll            |     2 |     3 ||     5
         Potion            |       |     1 ||     1
 Armour: Leather armour    |     4 |       ||     4
         Ring mail         |     8 |    46 ||    54
  Dodge: Dodged            |    40 |    73 ||   113

Table legend:
 A = Non-vault XP
 B = Vault XP
 C = Vault XP percentage of total XP
 D = Non-vault monster count
 E = Vault monster count
 F = Vault count percentage of total count
                 A         B        C        D         E       F
            +---------+---------+-------+---------+---------+-------
      Total |     613 |      35 |   5.4 |      94 |       1 |   1.1
            +---------+---------+-------+---------+---------+-------
        D:1 |      53 |       0 |   0.0 |      30 |       0 |   0.0
        D:2 |      83 |      35 |  29.7 |      20 |       1 |   4.8
        D:3 |      98 |       0 |   0.0 |      23 |       0 |   0.0
        D:4 |     120 |       0 |   0.0 |      16 |       0 |   0.0
        D:5 |     259 |       0 |   0.0 |       5 |       0 |   0.0
            +---------+---------+-------+---------+---------+-------
